 Dungeon Crawl Stone Soup version 0.19.1-1-g22dce08 (webtiles) character file.

16 M4edhros the Grave Robber (level 2, -1/17 HPs)
             Began as an Octopode Necromancer on Jan 3, 2017.
             Slain by a jackal (2 damage)
             ... on level 1 of the Dungeon.
             The game lasted 00:00:45 (225 turns).

M4edhros the Grave Robber (Octopode Necromancer)     Turns: 225, Time: 00:00:46

Health: -1/17      AC:  1    Str:  7    XL:     2   Next: 54%
Magic:  0/5        EV: 13    Int: 17    God:
Gold:   65         SH:  0    Dex: 12    Spells: 2 memorised, 3 levels left

rFire  . . .     SeeInvis .       - Unarmed
rCold  . . .     Gourm    .     (no shield)
rNeg   . . .     Faith    .     (helmet restricted)
rPois  .         Spirit   .     (no amulet)
rElec  .         Reflect  .     (no ring)
rCorr  .         Harm     .     (no ring)
MR     .....                    (no ring)
Stlth  +++.......               (no ring)
                                (no ring)
                                (no ring)
                                (no ring)
                                (no ring)

@: no status effects
A: almost no armour, stealthy swim, amphibious, 8 rings, constrict 8, camouflage
1, gelatinous body 1
a: no special abilities


You were on level 1 of the Dungeon.
You were not hungry.

You visited 1 branch of the dungeon, and saw 1 of its levels.

You collected 65 gold pieces.

Inventory:

Scrolls
 c - a scroll of noise {unknown}
 d - a scroll of identify {unknown}
Books
 a - a book of Necromancy

   Spells                             Type                      Level
   a - Pain                           Necromancy                   1
   b - Animate Skeleton               Necromancy                   1
   c - Vampiric Draining              Necromancy                   3
   d - Regeneration                   Charms/Necromancy            3
   e - Animate Dead                   Necromancy                   4
   f - Control Undead                 Necromancy                   4
Comestibles
 b - a bread ration
 f - 4 chunks of flesh


   Skills:
 - Level 2.0 Dodging
 - Level 2.6 Stealth
 + Level 2.1 Unarmed Combat
 - Level 2.0 Spellcasting
 - Level 4.0 Necromancy


You had 3 spell levels left.
You knew the following spells:

 Your Spells              Type           Power        Failure   Level  Hunger
a - Pain                  Necr           ###.         3%          1    #......
b - Animate Skeleton      Necr           N/A          3%          1    #......


Dungeon Overview and Level Annotations

Branches:
Dungeon (1/15)

Altars:


Innate Abilities, Weirdness & Mutations

You cannot wear most types of armour.
You are very stealthy in the water. (Stealth+)
You are amphibious.
You can wear up to eight rings at the same time.
You can use your tentacles to constrict eight enemies at once.
Your skin changes colour to match your surroundings (Stealth+).
Your rubbery body absorbs attacks. (AC +1, EV +1)


Message History

You attempt to give life to the dead...
Before your eyes, flesh is ripped from the corpse!
The dead are walking!
f - 4 chunks of flesh You swap places.
A jackal comes into view.
The jackal barks!
Found a stone staircase leading down.
Casting: Animate Skeleton
Confirm with . or Enter, or press ? or * to list all spells.
Aiming: Pain
Press: ? - help, Shift-Dir - straight line, f - jackal
Aim: a jackal (chance to defeat MR: 85%)
The jackal writhes in agony!
You closely miss the jackal. Your grab misses the jackal.
The jackal is almost dead.
The jackal bites you.
* * * LOW HITPOINT WARNING * * *
The jackal bites you.
You die...

###
#######...........
########)### #.# #.#
##### #.# ##...## #.#
##.....## ###.#
#.......#######)..###
#...@Z........#.#....
#...h...####.......##
#......## #..#.....#
♣..#...## #..##...##
≈≈≈≈≈PP..> #......##
≈≈≈♣P♣≈≈≈.# #.####.#
≈≈P≈≈P≈≈♣≈# #.# #.#
≈≈≈P≈♣P≈♣♣# #.. ..#
≈≈≈ ≈≈≈≈ ### ..


You could see a jackal and a friendly gnoll skeleton.

Vanquished Creatures
  A gnoll (D:1)
  A bat (D:1)
  A giant cockroach (D:1)
  A goblin (D:1)
  A hobgoblin (D:1)
5 creatures vanquished.

Notes
Turn   | Place    | Note
-------+----------+-------------------------------------------
     0 | D:1      | M4edhros the Octopode Necromancer began the quest for the Orb.
     0 | D:1      | Reached XP level 1. HP: 11/11 MP: 3/3
   150 | D:1      | Reached skill level 1 in Unarmed Combat
   203 | D:1      | Reached XP level 2. HP: 3/17 MP: 0/5
   207 | D:1      | Learned a level 1 spell: Animate Skeleton
   225 | D:1      | Slain by a jackal

Skill      XL: |  1 |
---------------+----+-----
Unarmed Combat | 2 |  2.1
Dodging        | |  2.0
Stealth        | |  2.6
Spellcasting   | |  2.0
Necromancy     | |  4.0

Action                   || total
-------------------------++-------
Melee: Unarmed           ||    19
       Constrict         ||     4
       Tentacles         ||     3
       Punch             ||     1
 Cast: Pain              ||     4
       Animate Skeleton  ||     1
 Stab: Sleeping          ||     1
Armor: Skin              ||     2
Dodge: Dodged            ||    17
